[Event "Titled Tuesday Blitz March 07 Early 2023"]
[White "Torres Dominguez, David"]
[Black "Kuzmin, Roman"]
[WhiteFideId "2220857"]
[BlackFideId "44134932"]
[WhiteElo "1999"]
[BlackElo "2146"]
[Result "1-0"]
[Round "04"]
[TimeControl "180+2"]
[Date "2023.03.07"]
[WhiteClock "0:00:18"]
[BlackClock "0:00:13"]

1. e4 c5 2. Nc3 d6 3. Nf3 Nf6 4. d4 cxd4 5. Nxd4 a6 6. f4 e5 7. Nf3 Nbd7 8. a4 g6 9. Bc4 Bg7 10. Qxd6 Qe7 11. Qxe7+ Kxe7 12. fxe5 Ng4 13. Nd5+ Kf8 14. b3 Ngxe5 15. Ba3+ Ke8 16. O-O-O Nxc4 17. bxc4 Ra7 18. a5 Bf8 19. Bb2 Rg8 20. Ng5 Bh6 21. h4 b6 22. axb6 Rb7 23. c5 Nxc5 24. Nf6+ Kf8 25. Rd8+ Ke7 26. Rxg8 Be6 27. Rd1 1-0


[Site "https://www.chess.com"]

[Event "Titled Tuesday Blitz March 07 Early 2023"]
[White "Ruge, Edison"]
[Black "Ramirez Allo, Eduardo"]
[WhiteFideId "4401000"]
[BlackFideId "2224178"]
[WhiteElo "2175"]
[BlackElo "2507"]
[Result "0-1"]
[Round "04"]
[TimeControl "180+2"]
[Date "2023.03.07"]
[WhiteClock "0:00:07"]
[BlackClock "0:00:11"]

1. e4 c5 2. Nc3 a6 3. f4 b5 4. Nf3 Bb7 5. d3 e6 6. g3 d6 7. Bg2 Nf6 8. O-O Qc7 9. Ne2 Nbd7 10. h3 Be7 11. g4 Nb6 12. g5 Nfd7 13. Ng3 O-O 14. Nh2 f5 15. gxf6 Nxf6 16. Ng4 Nbd7 17. Bd2 Rf7 18. Bc3 b4 19. Bd2 Raf8 20. Nxf6+ Bxf6 21. Rb1 c4 22. Qg4 cxd3 23. cxd3 Qc2 24. Bxb4 Nc5 25. Rbd1 Bd4+ 26. Kh2 Qxb2 27. Bxc5 dxc5 28. Rb1 Qxa2 29. f5 exf5 30. Nxf5 Be5+ 31. Kh1 Kh8 32. Nh6 gxh6 33. Rxf7 Qxb1+ 34. Bf1 Rxf7 35. Kg2 Qxf1# 0-1


[Site "https://www.chess.com"]

[Event "Titled Tuesday Blitz March 07 Early 2023"]
[White "Galchenko, Matvey"]
[Black "Garrido, Denis"]
[WhiteFideId "24175480"]
[BlackFideId "601217"]
[WhiteElo "2404"]
[BlackElo "2232"]
[Result "0-1"]
[Round "04"]
[TimeControl "180+2"]
[Date "2023.03.07"]
[WhiteClock "0:00:08"]
[BlackClock "0:00:23"]

1. f4 d5 2. Nf3 g6 3. g3 Bg7 4. Bg2 Nh6 5. O-O O-O 6. d3 Nf5 7. e4 dxe4 8. dxe4 Nd4 9. c3 Nxf3+ 10. Qxf3 c5 11. Be3 Qc7 12. Na3 Nc6 13. Bxc5 Ne5 14. fxe5 Qxc5+ 15. Kh1 Bxe5 16. Rad1 Be6 17. Nc2 Bxa2 18. Nd4 Bc4 19. Rfe1 Rad8 20. Qe3 Bb3 21. Rd2 Ba4 22. Ra1 Bc6 23. Bf3 Bg7 24. Rad1 Qb6 25. Qg5 Bf6 26. Qf4 Ba4 27. Ra1 Bxd4 28. cxd4 Rxd4 29. Rxd4 Qxd4 30. Qc7 Bc6 31. Qxe7 Qxb2 32. Rf1 Qb5 33. Kg2 Re8 34. Qf6 Qe5 35. Qh4 Bxe4 36. Rf2 Bxf3+ 37. Rxf3 Qe2+ 38. Rf2 Qe4+ 39. Qxe4 Rxe4 40. Rd2 Re7 41. Kf3 a5 42. Rd8+ Kg7 43. Rd7 Rxd7 0-1


[Site "https://www.chess.com"]

[Event "Titled Tuesday Blitz March 07 Early 2023"]
[White "Hambleton, Aman"]
[Black "Pino Perez, Lazaro"]
[WhiteFideId "2606577"]
[BlackFideId "3517055"]
[WhiteElo "2511"]
[BlackElo "2170"]
[Result "1-0"]
[Round "04"]
[TimeControl "180+2"]
[Date "2023.03.07"]
[WhiteClock "0:02:32"]
[BlackClock "0:00:08"]

1. d4 d5 2. Bf4 Nf6 3. e3 e6 4. Nd2 Bd6 5. Ngf3 O-O 6. Bd3 Bxf4 7. exf4 b6 8. Qe2 a5 9. O-O Ba6 10. Bxa6 Nxa6 11. c3 c5 12. g3 Nc7 13. Ne5 Nce8 14. Ndf3 Nd6 15. a4 Nfe4 16. Rfe1 Qc7 17. Kg2 Rae8 18. Ng4 f6 19. Rad1 Qc6 20. Qc2 Nf5 21. Ne3 Ned6 22. Qb3 cxd4 23. Nxd4 Nxd4 24. Rxd4 Kh8 25. Kg1 Re7 26. Nxd5 1-0


[Site "https://www.chess.com"]

[Event "Titled Tuesday Blitz March 07 Early 2023"]
[White "Koridze, Lile"]
[Black "Orozbaev, Eldiar"]
[WhiteFideId "13612514"]
[BlackFideId "13802240"]
[WhiteElo "2047"]
[BlackElo "2201"]
[Result "1-0"]
[Round "04"]
[TimeControl "180+2"]
[Date "2023.03.07"]
[WhiteClock "0:00:19"]
[BlackClock "0:00:05"]

1. d4 Nf6 2. c4 c5 3. d5 b5 4. cxb5 a6 5. bxa6 Bxa6 6. g3 d6 7. Bg2 g6 8. Nf3 Bg7 9. O-O O-O 10. Nc3 Nbd7 11. Re1 Qb6 12. e4 Ng4 13. Qc2 Rfb8 14. Rb1 Nge5 15. Rd1 Qa5 16. Bg5 Kf8 17. Ne1 c4 18. Bf1 Nc5 19. Be3 Ncd3 20. Kg2 Nxe1+ 21. Rxe1 Nd3 22. Red1 Nxb2 23. Rxb2 Rxb2 24. Qxb2 Qxc3 25. Qxc3 Bxc3 26. Rc1 Bb2 27. Rc2 c3 28. Bxa6 Rxa6 29. Bd4 Ra3 30. Kf1 e5 31. dxe6 fxe6 32. f4 Ke7 33. Ke2 Kd7 34. Kd3 h5 35. Bxc3 Bxc3 36. Rxc3 Rxa2 37. Rc2 Rxc2 38. Kxc2 Kc6 39. Kd3 Kb5 40. Kd4 Kb4 41. h3 Kb3 42. g4 h4 43. f5 exf5 44. exf5 gxf5 45. gxf5 1-0


[Site "https://www.chess.com"]

[Event "Titled Tuesday Blitz March 07 Early 2023"]
[White "sissahungrychess"]
[Black "Petrosian, Karlen"]
[BlackFideId "4176146"]
[WhiteElo "2399"]
[BlackElo "2345"]
[Result "0-1"]
[Round "04"]
[TimeControl "180+2"]
[Date "2023.03.07"]
[WhiteClock "0:00:15"]
[BlackClock "0:01:47"]

1. d4 Nf6 2. Nf3 d6 3. g3 g6 4. Bg2 Bg7 5. O-O O-O 6. b3 a5 7. a4 d5 8. Ne5 c6 9. Nd2 Nfd7 10. Ndf3 Nxe5 11. Nxe5 Nd7 12. Nf3 e5 13. dxe5 Nxe5 14. Nxe5 Bxe5 15. Ra2 Qf6 16. e3 Re8 17. Bd2 Bf5 18. Qe1 b6 19. Qc1 Be4 20. Bxe4 dxe4 21. Rd1 h5 22. h4 g5 23. hxg5 Qxg5 24. Kg2 h4 25. Rh1 hxg3 26. c4 gxf2+ 27. Kxf2 Qg3+ 28. Kf1 Qf3+ 29. Kg1 Re6 0-1


[Site "https://www.chess.com"]

[Event "Titled Tuesday Blitz March 07 Early 2023"]
[White "Bochnicka, Vladimir"]
[Black "Goudriaan, Etienne"]
[WhiteFideId "14943450"]
[BlackFideId "1021150"]
[WhiteElo "2094"]
[BlackElo "2318"]
[Result "1-0"]
[Round "04"]
[TimeControl "180+2"]
[Date "2023.03.07"]
[WhiteClock "0:00:12"]
[BlackClock "0:01:23"]

1. e4 c5 2. Nf3 d6 3. d4 cxd4 4. Nxd4 Nf6 5. Nc3 a6 6. f3 g6 7. Be3 Bg7 8. Qd2 h5 9. O-O-O O-O 10. h4 b5 11. Be2 Bb7 12. Rdg1 b4 13. Nd1 a5 14. g4 Nc6 15. Nxc6 Bxc6 16. gxh5 Nxh5 17. Nf2 a4 18. f4 b3 19. cxb3 axb3 20. a3 Qc7 21. Kb1 Qb7 22. Qd3 Nf6 23. Bf3 d5 24. e5 Ne4 25. h5 Bb5 26. Qd4 Qc6 27. Rc1 Qe6 28. h6 Bh8 29. h7+ Kg7 30. f5 Qxf5 31. Bxe4 dxe4 32. Bh6+ Kxh7 33. Bxf8+ Kg8 34. Rxh8+ Kxh8 35. e6+ f6 36. Qe3 Rxf8 37. Rh1+ Kg8 38. Qh6 e3+ 39. Ka1 Qh5 40. Rxh5 gxh5 41. Qg6+ Kh8 42. Qxh5+ Kg8 43. Qg6+ Kh8 44. Qh6+ Kg8 45. Qxe3 1-0


[Site "https://www.chess.com"]

[Event "Titled Tuesday Blitz March 07 Early 2023"]
[White "Lewtak, Damian"]
[Black "Zhukova, Natalia"]
[WhiteFideId "1141724"]
[BlackFideId "14101513"]
[WhiteElo "2302"]
[BlackElo "2297"]
[Result "0-1"]
[Round "04"]
[TimeControl "180+2"]
[Date "2023.03.07"]
[WhiteClock "0:00:02"]
[BlackClock "0:00:03"]

1. e4 e5 2. Nf3 Nc6 3. c3 d5 4. exd5 Qxd5 5. d4 exd4 6. cxd4 Bg4 7. Be2 O-O-O 8. Nc3 Qd7 9. O-O Bxf3 10. Bxf3 Nxd4 11. Be3 Nf6 12. Rc1 Bc5 13. Bxd4 Bxd4 14. Qb3 Bb6 15. a4 Qe6 16. Qb5 a6 17. Qb4 a5 18. Qf4 Qd6 19. Qg5 h6 20. Qf5+ Qe6 21. Qb5 Rd4 22. Rfe1 Qd7 23. Qf1 Rd2 24. Re2 Re8 25. Rxd2 Qxd2 26. Rd1 Qxb2 27. Nb5 Kb8 28. h3 g5 29. Kh2 h5 30. Qd3 Rc8 31. Qf5 g4 32. Rb1 Qxf2 33. Qxf6 gxf3 34. Qxf3 Qxf3 35. gxf3 Rd8 36. Re1 c6 37. Nc3 Rd7 38. Ne4 Bc7+ 39. Kg2 f5 40. Nf6 Rg7+ 41. Kf1 Bb6 42. Re8+ Ka7 43. Rh8 Rg1+ 44. Ke2 Rg2+ 45. Kd3 Rg3 46. Rxh5 Rxf3+ 47. Kc4 Rf4+ 48. Kb3 Rb4+ 49. Kc2 f4 50. Rf5 Rxa4 51. h4 f3 52. h5 f2 53. h6 Ra1 54. h7 Rh1 55. Kd3 a4 56. Kc4 a3 57. Kb3 Rh3+ 58. Ka2 Ka6 59. Nd7 Bd4 60. Nf8 Bc5 61. Rxc5 f1=Q 62. Rc2 Qf7+ 63. Ka1 Qxf8 64. Ka2 Qg7 0-1


[Site "https://www.chess.com"]

[Event "Titled Tuesday Blitz March 07 Early 2023"]
[White "Rios Escobar, Adan"]
[Black "Petre, Nad-Titus"]
[WhiteFideId "3403645"]
[BlackFideId "1204165"]
[WhiteElo "2395"]
[BlackElo "2354"]
[Result "0-1"]
[Round "04"]
[TimeControl "180+2"]
[Date "2023.03.07"]
[WhiteClock "0:00:02"]
[BlackClock "0:00:21"]

1. d4 d5 2. g3 Bf5 3. c4 e6 4. Nf3 Nf6 5. Nc3 c6 6. Nh4 Bg4 7. h3 Bh5 8. g4 Nfd7 9. Qb3 b6 10. Bg2 Na6 11. a3 Nc7 12. cxd5 cxd5 13. e4 dxe4 14. Nxe4 Bg6 15. Nxg6 hxg6 16. Bg5 Be7 17. Nd6+ Kf8 18. Bf4 Nd5 19. Bxd5 exd5 20. Qxd5 Bxd6 21. Bxd6+ Kg8 22. O-O-O Nf6 23. Qe5 Qd7 24. Kb1 Re8 25. Qf4 g5 26. Qh2 Nxg4 27. Qg3 Nxf2 28. Be5 Nxd1 29. Rxd1 Qf5+ 30. Ka1 Rxh3 31. Qg2 Rc8 32. Rf1 Qd3 33. Rg1 Rf3 34. Qxg5 Rf1+ 35. Rxf1 Qxf1+ 36. Ka2 f6 37. Qg4 Qc4+ 38. Ka1 Qc1+ 39. Ka2 Qc4+ 40. Ka1 fxe5 41. Qd7 exd4 42. Qxa7 d3 43. Qxb6 d2 44. Qg1 Qc1+ 45. Ka2 Qxg1 46. a4 d1=Q 47. a5 Qa4# 0-1


[Site "https://www.chess.com"]

[Event "Titled Tuesday Blitz March 07 Early 2023"]
[White "Kvaloy, Aksel Bu"]
[Black "Szyszylo, Rafal"]
[WhiteFideId "1528815"]
[BlackFideId "1109626"]
[WhiteElo "2208"]
[BlackElo "1951"]
[Result "1-0"]
[Round "04"]
[TimeControl "180+2"]
[Date "2023.03.07"]
[WhiteClock "0:00:55"]
[BlackClock "0:00:06"]

1. d4 g6 2. e4 d6 3. Nc3 Nf6 4. h4 Bg7 5. h5 Nxh5 6. Rxh5 gxh5 7. Qxh5 Bxd4 8. Bc4 Bxc3+ 9. bxc3 e6 10. Bg5 Qd7 11. Bf6 Rf8 12. Nf3 d5 13. exd5 exd5 14. Bxd5 Nc6 15. Kf1 Ne7 16. Re1 Qb5+ 17. c4 Qc5 18. Bxe7 Qxe7 19. Rxe7+ Kxe7 20. Qe5+ Be6 21. Qxc7+ Kf6 22. Qe5+ Ke7 23. Nd4 Rac8 24. Nf5+ Ke8 25. Bxe6 f6 26. Qd6 Rf7 27. Bxc8 1-0


[Site "https://www.chess.com"]

[Event "Titled Tuesday Blitz March 07 Early 2023"]
[White "Ansh M Shah"]
[Black "Tan, Jun Ying"]
[WhiteFideId "25033379"]
[BlackFideId "5710413"]
[WhiteElo "2084"]
[BlackElo "2089"]
[Result "0-1"]
[Round "04"]
[TimeControl "180+2"]
[Date "2023.03.07"]
[WhiteClock "0:00:07"]
[BlackClock "0:00:11"]

1. d4 c5 2. dxc5 e6 3. Nf3 Bxc5 4. e3 Nf6 5. Be2 O-O 6. O-O b6 7. b3 Bb7 8. Bb2 d5 9. Nbd2 Nbd7 10. a3 a5 11. c4 Qe7 12. Nd4 Rac8 13. Bf3 Rfd8 14. Qe2 Ne5 15. Rfc1 Nxf3+ 16. N2xf3 dxc4 17. bxc4 Ne4 18. Nb5 f6 19. Bd4 e5 20. Bxc5 Qxc5 21. Rd1 Nd6 22. Nxd6 Rxd6 23. h3 Ba6 24. Rxd6 Qxd6 25. Rd1 Qe6 26. Qb2 Bxc4 27. Nd2 Bd5 28. Nb1 Ba8 29. Nc3 h6 30. e4 Rb8 31. Nd5 Bxd5 32. Rxd5 Qc6 33. Qb3 Kh7 34. a4 Qc1+ 35. Rd1 Qf4 36. f3 f5 37. Re1 Qg3 38. Qc3 Rc8 39. Qxc8 Qxe1+ 40. Kh2 Qb4 41. Qxf5+ Kg8 42. Qe6+ Kf8 43. Qxe5 Qxa4 44. Qb8+ Kf7 45. Qb7+ Kf8 46. Qxb6 Qb4 47. Qd8+ Kf7 48. Qd5+ Kf8 49. e5 a4 50. e6 Qb8+ 51. Kg1 Qb6+ 52. Kh1 a3 53. Qd7 Qb1+ 54. Kh2 Qb8+ 55. Kg1 Qb6+ 56. Kf1 Qb1+ 57. Kf2 Qb6+ 58. Kg3 Qb8+ 59. Kg4 Qe8 60. Qd6+ Qe7 61. Qb8+ Qe8 62. Qb4+ Qe7 63. Qf4+ Kg8 64. Qb8+ Kh7 65. Qb1+ g6 66. Qa2 Kg7 67. Kf4 Kf6 68. Qa1+ Kxe6 69. Qe5+ Kf7 70. Qd5+ Kg7 71. Kg3 Qg5+ 72. Qxg5 hxg5 73. Kg4 a2 74. Kxg5 a1=Q 75. f4 Qf6+ 76. Kg4 Qf5+ 77. Kf3 Kf6 78. g4 Qd3+ 79. Kg2 Qe2+ 80. Kg3 Qe3+ 81. Kh4 Qf2# 0-1


[Site "https://www.chess.com"]

[Event "Titled Tuesday Blitz March 07 Early 2023"]
[White "Vlassov, Nikolai"]
[Black "Leve, Nitai"]
[WhiteFideId "4103360"]
[BlackFideId "2006898"]
[WhiteElo "2324"]
[BlackElo "2144"]
[Result "1-0"]
[Round "04"]
[TimeControl "180+2"]
[Date "2023.03.07"]
[WhiteClock "0:00:23"]
[BlackClock "0:00:08"]

1. e4 e6 2. c4 d5 3. cxd5 exd5 4. Qb3 dxe4 5. Bc4 Qf6 6. Nc3 Nh6 7. Nxe4 Qg6 8. Ng3 Bc5 9. d4 Bxd4 10. Bxh6 gxh6 11. Nf3 Nc6 12. O-O O-O 13. Bd3 Qg4 14. a3 Rb8 15. Rac1 Be6 16. Qc2 Bd5 17. Bxh7+ Kh8 18. Bf5 Qg7 19. Nh5 Qg8 20. Be4 f5 21. Bxd5 Qxd5 22. Rfd1 Rbd8 23. Nf4 Qe4 24. Ng6+ Kg7 25. Nxf8 Qxc2 26. Rxc2 Bxf2+ 27. Kxf2 Rxd1 28. Ne6+ Kf6 29. Nxc7 Rb1 30. Nd5+ Ke6 31. Nf4+ Kf6 32. Nd3 Rd1 33. Rd2 Rb1 34. Nc5 b6 35. Na4 Ne7 36. Nc3 Ra1 37. Nd5+ Nxd5 38. Rxd5 Ke6 39. Re5+ Kf6 40. Re1 Ra2 41. Re2 b5 42. Nd4 a6 43. Kf3 Kg5 44. g3 h5 45. h4+ Kf6 46. Kf4 Ra1 47. Re6+ Kf7 48. Kxf5 Rd1 49. Rd6 Rd2 50. b3 Rd3 51. a4 bxa4 52. bxa4 Rxg3 53. Rd7+ Ke8 54. Ra7 Rg4 55. Ne6 Rxa4 56. Kf6 Rxh4 57. Re7# 1-0


[Site "https://www.chess.com"]

[Event "Titled Tuesday Blitz March 07 Early 2023"]
[White "Jakubowski, Krzysztof"]
[Black "Osinovsky, Stepan"]
[WhiteFideId "1112848"]
[BlackFideId "4157354"]
[WhiteElo "2359"]
[BlackElo "2222"]
[Result "1-0"]
[Round "04"]
[TimeControl "180+2"]
[Date "2023.03.07"]
[WhiteClock "0:00:07"]
[BlackClock "0:00:01"]

1. e4 e5 2. Nf3 Nc6 3. Bc4 Nf6 4. Ng5 d5 5. exd5 Na5 6. Bb5+ c6 7. dxc6 bxc6 8. Bd3 h6 9. Ne4 Nd5 10. O-O Be7 11. Re1 O-O 12. Nec3 Nb7 13. Nxd5 cxd5 14. Rxe5 Nc5 15. Bf1 Ne4 16. d3 Bd6 17. Rh5 Nxf2 18. Kxf2 Bc5+ 19. d4 Qf6+ 20. Qf3 Bxd4+ 21. Ke1 Re8+ 22. Kd1 Qg6 23. Rh4 Bf6 24. Bd3 Bxh4 25. Bxg6 Re1+ 26. Kd2 fxg6 27. g3 Kh7 28. Kxe1 Bf6 29. Qxd5 1-0


[Site "https://www.chess.com"]

[Event "Titled Tuesday Blitz March 07 Early 2023"]
[White "Perez Gormaz, Matias"]
[Black "McLaren, Brian"]
[WhiteFideId "3406342"]
[BlackFideId "2604612"]
[WhiteElo "2362"]
[BlackElo "2132"]
[Result "1-0"]
[Round "04"]
[TimeControl "180+2"]
[Date "2023.03.07"]
[WhiteClock "0:01:15"]
[BlackClock "0:00:56"]

1. Nf3 d5 2. b3 f6 3. d4 Bg4 4. Nbd2 Nd7 5. Bb2 e6 6. e4 Bb4 7. c3 Bd6 8. Bd3 Ne7 9. Qc2 g6 10. O-O O-O 11. Rfe1 c6 12. h3 Bxf3 13. Nxf3 Bb8 14. Re2 Qc7 15. Rae1 dxe4 16. Rxe4 e5 17. dxe5 fxe5 18. b4 Nd5 19. Bf1 Rxf3 20. gxf3 Nf4 21. Qb3+ Kf8 22. Rxf4+ exf4 23. Qe6 Qd6 24. Qe8+ Kg7 25. Re7+ Kh6 26. Qxd7 1-0


[Site "https://www.chess.com"]

[Event "Titled Tuesday Blitz March 07 Early 2023"]
[White "Bas Mas, Jose Joaquin"]
[Black "Bews, Steven"]
[WhiteFideId "22219064"]
[BlackFideId "2400529"]
[WhiteElo "2233"]
[BlackElo "2595"]
[Result "1-0"]
[Round "04"]
[TimeControl "180+2"]
[Date "2023.03.07"]
[WhiteClock "0:01:30"]
[BlackClock "0:01:40"]

1. e4 c5 2. Nc3 d6 3. f4 Nc6 4. Nf3 g6 5. Bb5 Bg7 6. O-O e6 7. Bxc6+ bxc6 8. d3 Ne7 9. Qe1 O-O 10. Qh4 d5 11. Ng5 h6 12. Nf3 a5 13. f5 dxe4 14. dxe4 g5 15. Bxg5 hxg5 16. Nxg5 Re8 17. fxe6 1-0


[Site "https://www.chess.com"]

[Event "Titled Tuesday Blitz March 07 Early 2023"]
[White "Andrews, Todd"]
[Black "Czernek, Tymon"]
[WhiteFideId "2012456"]
[BlackFideId "1199510"]
[WhiteElo "2389"]
[BlackElo "2156"]
[Result "1-0"]
[Round "04"]
[TimeControl "180+2"]
[Date "2023.03.07"]
[WhiteClock "0:01:03"]
[BlackClock "0:01:35"]

1. e4 c5 2. Nf3 d6 3. d4 cxd4 4. Nxd4 Nf6 5. Nc3 a6 6. Bc4 e6 7. Bb3 Be7 8. Qe2 O-O 9. g4 b5 10. g5 Nfd7 11. h4 Nc5 12. Be3 Qc7 13. O-O-O Nc6 14. Kb1 Na5 15. g6 Naxb3 16. gxh7+ Kh8 17. axb3 Bb7 18. Rhg1 Bf6 19. Bg5 Bxg5 20. Rxg5 b4 21. Rdg1 f6 22. Rxg7 Qxg7 23. Rxg7 Kxg7 24. Na4 Rae8 25. Qg4+ Kf7 26. h5 Nxa4 27. Qg6+ Ke7 28. Qg7+ Rf7 29. h8=Q Rxh8 30. Qxh8 Nc5 31. f3 f5 32. exf5 e5 33. f6+ Rxf6 34. Qg7+ Rf7 35. Nf5+ Ke6 36. Qg6+ Rf6 37. Qg8+ Kd7 38. h6 Rxf5 39. h7 1-0


[Site "https://www.chess.com"]

[Event "Titled Tuesday Blitz March 07 Early 2023"]
[White "Shevtchenko, Olesya"]
[Black "Pinheiro, Iung Alicio de O."]
[WhiteFideId "24131890"]
[BlackFideId "2104350"]
[WhiteElo "2003"]
[BlackElo "2283"]
[Result "1-0"]
[Round "04"]
[TimeControl "180+2"]
[Date "2023.03.07"]
[WhiteClock "0:00:07"]
[BlackClock "0:00:11"]

1. g4 d5 2. Bg2 c6 3. g5 e5 4. h4 h6 5. d4 e4 6. Nc3 hxg5 7. hxg5 Rxh1 8. Bxh1 Be7 9. Be3 Bxg5 10. Qd2 Bxe3 11. Qxe3 Qh4 12. Bg2 Qh2 13. Kf1 Nf6 14. Qg5 Kf8 15. Nd1 Be6 16. Ne3 Nbd7 17. b3 g6 18. c4 Kg7 19. cxd5 cxd5 20. Rc1 Nb6 21. Ke1 Rc8 22. Rd1 Nbd7 23. Kd2 Qc7 24. Ke1 Qh2 25. Kd2 Qh6 26. Qxh6+ Kxh6 27. Bh3 Nf8 28. f3 Kg7 29. f4 Rc6 30. f5 Bd7 31. Rf1 g5 32. Bg2 Ra6 33. a4 Rb6 34. Kc3 Rc6+ 35. Kd2 a5 36. Nh3 N8h7 37. Nf2 Rb6 38. Kc3 Rc6+ 39. Kd2 Nh5 40. Nxd5 Bxf5 41. Ne7 Rf6 42. Nxf5+ Rxf5 43. Bxe4 Rf6 44. Bxh7 Kxh7 45. Rh1 Kg6 46. Ng4 Rf4 47. Ne5+ Kh6 48. e3 Rf2+ 49. Kd3 Rb2 50. Ke4 f6 51. Nc4 Rxb3 52. Nd6 Ra3 53. Nf5+ Kg6 54. Ne7+ Kf7 55. Rxh5 Kxe7 56. Rh7+ Ke6 57. Rxb7 Rxa4 58. Rb6+ Kf7 59. Kf5 Ra3 60. Rxf6+ Ke7 61. Re6+ Kd7 62. Re5 a4 63. Kxg5 Rb3 64. Kf4 a3 65. Ra5 Kc6 66. e4 Kb6 67. Ra8 Kb7 68. Ra4 Kb6 69. Ke5 Kb5 70. Ra8 Kc4 71. d5 Kc3 72. Kd6 Kb2 73. e5 a2 74. Rxa2+ Kxa2 75. e6 Rb6+ 76. Kd7 Kb3 77. e7 Rb7+ 78. Ke6 Kc4 79. e8=Q Rb6+ 80. Qc6+ Rxc6+ 81. dxc6 Kc5 82. c7 1-0


[Site "https://www.chess.com"]

[Event "Titled Tuesday Blitz March 07 Early 2023"]
[White "Valle Maytin, Luis Enrique"]
[Black "Sekar, B"]
[WhiteFideId "3503666"]
[BlackFideId "5043743"]
[WhiteElo "2225"]
[BlackElo "2258"]
[Result "0-1"]
[Round "04"]
[TimeControl "180+2"]
[Date "2023.03.07"]
[WhiteClock "0:00:01"]
[BlackClock "0:00:05"]

1. e4 e5 2. Nf3 Nc6 3. Bb5 a6 4. Ba4 Nf6 5. O-O b5 6. Bb3 Bc5 7. c3 d6 8. Re1 O-O 9. h3 h6 10. a4 Rb8 11. d4 Bb6 12. Be3 Re8 13. Nbd2 exd4 14. cxd4 Nb4 15. e5 Nfd5 16. Nf1 Be6 17. Bd2 Nd3 18. a5 Ba7 19. Bg5 hxg5 20. Qxd3 c5 21. Bxd5 Bxd5 22. dxc5 dxc5 23. Rad1 Ba8 24. Qe3 Qe7 25. Nxg5 c4 26. Qf4 Rbd8 27. Rxd8 Rxd8 28. e6 f6 29. Nf3 Bd5 30. Qg4 Re8 31. Nh4 Bxe6 32. Nf5 Bxf5 33. Rxe7 Bxg4 34. Rxe8+ Kf7 35. Ra8 Bd4 36. hxg4 Bxb2 37. Rxa6 b4 38. Rc6 c3 39. Ne3 b3 40. a6 Bc1 41. Nd1 c2 42. Nc3 b2 43. Rc7+ Kg6 44. Rb7 Bd2 45. a7 c1=Q+ 46. Kh2 Qa1 47. Nb1 Qa6 48. Rxb2 Bc1 49. Rc2 Bf4+ 50. g3 Be5 0-1


[Site "https://www.chess.com"]

[Event "Titled Tuesday Blitz March 07 Early 2023"]
[White "Klose, Eli"]
[Black "Hindermann, Felix"]
[WhiteFideId "16242955"]
[BlackFideId "1305212"]
[WhiteElo "2562"]
[BlackElo "2206"]
[Result "0-1"]
[Round "04"]
[TimeControl "180+2"]
[Date "2023.03.07"]
[WhiteClock "0:00:12"]
[BlackClock "0:00:23"]

1. e4 e6 2. Nf3 d5 3. e5 c5 4. b4 b6 5. bxc5 bxc5 6. c3 d4 7. Ba3 d3 8. Qa4+ Bd7 9. Qe4 Bc6 10. Qxd3 Nd7 11. Be2 Qa5 12. Qe3 Rb8 13. O-O Nh6 14. c4 Nf5 15. Qf4 Rxb1 16. Raxb1 Qxa3 17. g4 Nd4 18. Nxd4 cxd4 19. Rb3 Qxa2 20. Rfb1 Be7 21. Bf3 g5 22. Qg3 Bxf3 23. Qxf3 O-O 24. Re1 Qxd2 25. Rd1 Qa5 26. Rb7 Nxe5 27. Qe4 Bf6 28. Kg2 d3 29. Rb5 Qc7 30. c5 Rd8 31. c6 Kg7 32. Rb3 d2 33. Rb2 Qxc6 34. Qxc6 Nxc6 35. Rbxd2 Rxd2 36. Rxd2 Bd4 37. Rc2 Ne5 38. Rc7 Bb6 39. Rb7 Nxg4 40. h3 Nf6 41. f3 Nd5 42. Rd7 Kf6 43. Rb7 h5 44. Kg3 Ne3 45. h4 Nf5+ 46. Kh3 Nxh4 47. Rd7 Nf5 48. Rb7 Nd6 49. Kg2 Nxb7 50. Kg3 Nd6 51. f4 g4 52. Kh4 Kf5 53. Kg3 h4+ 54. Kxh4 Kxf4 55. Kh5 g3 56. Kh4 Kf3 57. Kh3 g2 58. Kh2 Kf2 59. Kh3 g1=Q 60. Kh4 Qg6 61. Kh3 Qg3# 0-1


[Site "https://www.chess.com"]

[Event "Titled Tuesday Blitz March 07 Early 2023"]
[White "Toropov, Pavel"]
[Black "Tarasova, Viktoriya"]
[WhiteFideId "24129178"]
[BlackFideId "4175840"]
[WhiteElo "2182"]
[BlackElo "2182"]
[Result "1/2-1/2"]
[Round "04"]
[TimeControl "180+2"]
[Date "2023.03.07"]
[WhiteClock "0:00:15"]
[BlackClock "0:00:07"]

1. e4 e5 2. Nf3 Nc6 3. d4 exd4 4. Nxd4 Nf6 5. Nc3 Bb4 6. Nxc6 bxc6 7. Bd3 O-O 8. O-O d5 9. exd5 cxd5 10. Bg5 c6 11. Qf3 Bd6 12. h3 Rb8 13. Rab1 Be6 14. Ne2 h6 15. Bf4 c5 16. Rfd1 Re8 17. b3 Bxf4 18. Nxf4 Qc7 19. Re1 Re7 20. Re3 c4 21. Bf1 d4 22. Ree1 cxb3 23. axb3 Bf5 24. Rxe7 Qxe7 25. Bd3 Bxd3 26. Qxd3 Rc8 27. Ne2 Qc5 28. Nxd4 Rd8 29. Rd1 Rd7 30. Rd2 Nd5 31. Qb5 Qe7 32. Nf5 Qe1+ 33. Kh2 Qxd2 34. Qxd7 Qf4+ 35. Ng3 Nf6 36. Qc8+ Kh7 37. Qf5+ Qxf5 38. Nxf5 Ne4 39. f3 Nc3 40. Ne3 Nb5 41. Kg3 Nd4 42. Kf4 g5+ 43. Ke4 Nc6 44. c3 Kg7 45. b4 Kf6 46. b5 Nd8 47. c4 Ke6 48. c5 Nb7 49. c6 Nd6+ 50. Kd4 Nxb5+ 51. Kc5 Nc7 52. Nc4 f5 53. Na3 a6 54. Nc4 h5 55. Kb6 Nd5+ 56. Kxa6 g4 57. fxg4 fxg4 58. hxg4 hxg4 59. g3 Kf5 60. Kb5 Ke4 61. Kc5 Ne7 62. Nd6+ Kf3 63. c7 Kxg3 64. Nf5+ Nxf5 65. c8=Q Kf4 66. Qc7+ Kf3 67. Qe5 Ne3 68. Kd4 Ng2 69. Kd3 Nf4+ 70. Kd2 g3 71. Qe3+ Kg4 72. Qe4 g2 73. Qe3 Nh3 74. Qe2+ Kg3 75. Qe5+ Kg4 76. Qe4+ Kg3 77. Qg6+ Kh2 78. Qd6+ Kh1 79. Qd5 Kh2 80. Qe5+ Kh1 81. Qe4 Kh2 82. Qe5+ Kh1 83. Qd5 Kh2 84. Qd6+ Kh1 85. Qg3 g1=Q 86. Qxh3+ Qh2+ 87. Qxh2+ Kxh2 1/2-1/2


[Site "https://www.chess.com"]

[Event "Titled Tuesday Blitz March 07 Early 2023"]
[White "Vargas Rodriguez, Wilver"]
[Black "Garic, Radomir"]
[WhiteFideId "3509672"]
[BlackFideId "920959"]
[WhiteElo "2238"]
[BlackElo "2204"]
[Result "0-1"]
[Round "04"]
[TimeControl "180+2"]
[Date "2023.03.07"]
[WhiteClock "0:00:03"]
[BlackClock "0:00:25"]

1. e4 c5 2. Nf3 Nc6 3. d4 cxd4 4. Nxd4 Qc7 5. Nc3 e6 6. Be3 a6 7. g3 Nf6 8. Bg2 h5 9. h3 Ne5 10. O-O Bc5 11. Qe2 d6 12. Rad1 Bd7 13. Rfe1 Rc8 14. f4 Ng6 15. Kh2 Qa5 16. Nb3 Ng4+ 17. hxg4 hxg4+ 18. Kg1 Bxe3+ 19. Qxe3 Qc7 20. Qd4 Ke7 21. f5 Ne5 22. fxe6 fxe6 23. Rf1 b5 24. Qe3 Rh5 25. Ne2 Qxc2 26. Rd2 Qc4 27. Nf4 Rh6 28. Qd4 Qc7 29. Rc1 Qb8 30. Rxc8 Bxc8 31. Na5 Qc7 0-1


[Site "https://www.chess.com"]

[Event "Titled Tuesday Blitz March 07 Early 2023"]
[White "Saito, Vinicius"]
[Black "Migot, Tangi"]
[WhiteFideId "2113384"]
[BlackFideId "662445"]
[WhiteElo "2152"]
[BlackElo "2537"]
[Result "1-0"]
[Round "04"]
[TimeControl "180+2"]
[Date "2023.03.07"]
[WhiteClock "0:00:43"]
[BlackClock "0:00:06"]

1. e4 c5 2. Nf3 d6 3. Bb5+ Nd7 4. d4 cxd4 5. Qxd4 a6 6. Bxd7+ Bxd7 7. c4 e5 8. Qd3 Be7 9. Nc3 Rc8 10. O-O Be6 11. Nd5 Nf6 12. h3 Nxd5 13. cxd5 Bd7 14. a4 O-O 15. Bd2 f5 16. Rfc1 fxe4 17. Qxe4 Qb6 18. Qb4 Qxb4 19. Bxb4 Kf7 20. a5 Bb5 21. Nd2 Bd3 22. Rc3 Rxc3 23. bxc3 Rc8 24. f3 Bg5 25. Ne4 Bxe4 26. fxe4 Be3+ 27. Kf1 Bc5 28. Rb1 Bxb4 29. Rxb4 Rc7 30. c4 Ke7 31. Ke2 Kd7 32. Kd3 Kc8 33. Rb6 Rd7 34. c5 dxc5 35. Kc4 Rf7 36. Kxc5 Rf2 37. Re6 Kd7 38. Rxe5 Rxg2 39. Rf5 Rc2+ 40. Kd4 Rd2+ 41. Ke5 Ke8 42. Rg5 g6 43. Rg3 Ra2 44. Rb3 Rxa5 45. Rxb7 Rb5 46. Ra7 Rb6 47. d6 Rb4 48. Rxh7 a5 49. Ra7 a4 50. Kd5 Kd8 51. e5 Rb5+ 52. Ke6 Rb8 53. Rxa4 g5 54. Rg4 Ke8 55. Rxg5 Kf8 56. Rh5 Kg7 57. d7 Re8+ 58. Kd6 Rd8 59. e6 Re8 60. Rg5+ Kf6 61. dxe8=Q 1-0


[Site "https://www.chess.com"]